 Dungeon Crawl Stone Soup version 0.29-a0-378-gc08b2e8bf8 (webtiles) character file.

Game seed: 10035341456203012056

107 Bruhh the Skirmisher (level 5, 0/43 HPs)
             Began as a Human Monk on May 5, 2022.
             Slain by an ufetubus (4 damage)
             ... on level 3 of the Dungeon.
             The game lasted 00:05:36 (2118 turns).

Bruhh the Skirmisher (Human Monk)                   Turns: 2118, Time: 00:05:36

Health: 0/43       AC: 11    Str: 12    XL:     5   Next: 10%
Magic:  5/5        EV: 12    Int: 10    God:
Gold:   149        SH:  5    Dex: 17    Spells: 4/4 levels left

rFire   . . .      SeeInvis .   a - +0 falchion
rCold   . . .      Faith    .   (no shield)
rNeg    . . .      Spirit   .   f - +0 ring mail
rPois   .          Reflect  +   o - +1 helmet
rElec   .          Harm     .   (no cloak)
rCorr   .          Rampage  .   (no gloves)
Will    .....                   (no boots)
Stlth   +.........              p - amulet of reflection
HPRegen 0.14/turn               i - +4 ring of protection
MPRegen 0.09/turn               (no ring)

@: no status effects
A: no striking features
a: no special abilities


You were on level 3 of the Dungeon.
You visited 1 branch of the dungeon, and saw 4 of its levels.

You collected 149 gold pieces.

Inventory:

Hand Weapons
 a - a +0 falchion (weapon)
Missiles
 s - 4 boomerangs (quivered)
Armour
 b - a +0 robe
 f - a +0 ring mail (worn)
 m - the +2 robe of the Unbroken {rElec}
   (You found it on level 2 of the Dungeon)

   rElec:     It insulates you from electricity.
 o - a +1 helmet (worn)
Jewellery
 h - a ring of protection from fire
 i - a +4 ring of protection (left hand)
 p - an amulet of reflection (around neck)
Scrolls
 d - 6 scrolls of identify {unknown}
 e - 2 scrolls of fear {unknown}
 g - a scroll of poison {unknown}
 k - 2 scrolls of vulnerability {unknown}
 q - a scroll of blinking {unknown}
 r - 2 scrolls of magic mapping {unknown}
 t - a scroll of enchant weapon {unknown}
 u - a scroll of teleportation {unknown}
 v - a scroll of fog {unknown}
Potions
 c - a potion of ambrosia
 j - a potion of attraction {unknown}
 l - a potion of resistance {unknown}
 n - a potion of curing


   Skills:
 + Level 4.7 Fighting
 - Level 3.0 Long Blades
 + Level 3.9 Dodging
 - Level 2.0 Stealth


You had 4 spell levels left.
You didn't know any spells.
Your spell library contained the following spells:

 Spells                   Type           Power      Damage    Failure   Level
 Call Canine Familiar     Summ           0%         N/A       95%         3
 Portal Projectile        Hex/Tloc       0%         N/A       95%         3
 Leda's Liquefaction      Hex/Erth       0%         N/A       100%        4
 Summon Ice Beast         Ice/Summ       0%         N/A       100%        4
 Summon Mana Viper        Hex/Summ       0%         N/A       100%        5
 Monstrous Menagerie      Summ           0%         N/A       100%        7


Dungeon Overview and Level Annotations

Branches:
Dungeon (4/15)
 Temple: D:4-7

Altars:
Vehumet


Message History

The ogre is lightly wounded.
The ufetubus closely misses you. You block the ufetubus's attack.
The ogre hits you with a +0 giant club!!
* * * LOW HITPOINT WARNING * * *
The ufetubus hits you but does no damage.
The ufetubus barely misses you.
You see here a puce potion.
The ufetubus closely misses you.
The ufetubus hits you but does no damage.
The ufetubus attacks as you move away! The ufetubus misses you.
You block the ufetubus's attack.
The ufetubus hits you but does no damage. x2
The ufetubus attacks as you move away! You block the ufetubus's attack.
The ufetubus barely misses you. The ufetubus hits you.
* * * LOW HITPOINT WARNING * * *
The ufetubus closely misses you. The ufetubus attacks as you move away!
You block the ufetubus's attack.
The ufetubus hits you but does no damage.
There is a stone staircase leading up here.
The ufetubus hits you but does no damage.
The ufetubus misses you. You block the ufetubus's attack.
The ufetubus hits you but does no damage.
You climb upwards.
There is a stone staircase leading down here.
You are too injured to fight recklessly!
You hit the ufetubus.
The ufetubus is heavily wounded.
You block the ufetubus's attack. The ufetubus closely misses you.
You miss the ufetubus.
The ufetubus is heavily wounded.
The ufetubus hits you but does no damage.
You block the ufetubus's attack. The ufetubus hits you.
* * * LOW HITPOINT WARNING * * *
The ufetubus barely misses you.
You hit the ufetubus.
The ufetubus is severely wounded.
The ufetubus misses you. The ufetubus closely misses you.
The ufetubus hits you.
You die...

#........#...♣...##.#.#
###........#.......#..#.#
...........#########..#.#
.######.................#
.######.#........#......#
.##..............+...#.##
.###(#####.......#.#.#.#
.###.#####.......#.#.#.#
................@#.#.#.#
.###..##########5#+#.#.#
.###..##.............#.#
..##..##.............#.#
......##.............#.#
.####.##.............#.#
......##.............#.#
.###..##...............#
.###..##.......[....####


You could see an ufetubus.

Vanquished Creatures
  A vampire bat (D:3)
  An adder (D:2)
  A worm (D:2)
  An orc (D:3)
  12 bats
  7 endoplasms
  2 giant cockroaches (D:2)
  2 goblins
  6 hobgoblins
  2 jackals (D:1)
  5 kobolds
  3 quokkas
  2 frilled lizards
  3 rats
48 creatures vanquished.

Notes
Turn   | Place    | Note
-------+----------+-------------------------------------------
     0 | D:1      | Bruhh the Human Monk began the quest for the Orb.
     0 | D:1      | Reached XP level 1. HP: 18/18 MP: 1/1
   177 | D:1      | Reached XP level 2. HP: 22/24 MP: 2/2
   684 | D:1      | Reached skill level 4 in Fighting
   684 | D:1      | Reached XP level 3. HP: 25/30 MP: 3/3
  1022 | D:2      | Identified the +2 robe of the Unbroken {rElec}
  1480 | D:3      | Reached XP level 4. HP: 37/37 MP: 4/4
  1628 | D:3      | Reached XP level 5. HP: 42/43 MP: 5/5
  2096 | D:4      | Found a radiant altar of Vehumet.
  2098 | D:4      | Noticed an ogre
  2118 | D:3      | Slain by an ufetubus

Illustrated notes

Levels and vault maps discovered:
D:1:      minmay_arrival_plants_in_alcoves, layout_basic
D:2:      layout_rooms, hex_large
D:3:      layout_basic, minmay_door_square, minmay_misc_feat_encased,
          roderic_batcave, kennysheep_generic_room_10
D:4:      layout_cave_pools, nicolae_vehumet_radiance, minmay_crystal_room,
          hangedman_glass_teeth, kennysheep_small_spiral

Skill      XL: |  1  2 |
---------------+-------+-----
Fighting       | 4 |  4.7
Long Blades    | |  3.0
Dodging        | |  3.9
Stealth        | |  2.0

Action                   |  1- 3 |  4- 6 || total
-------------------------+-------+-------++-------
Melee: Falchion          |   101 |    62 ||   163
Throw: Boomerang         |       |     2 ||     2
  Use: Potion            |       |     1 ||     1
 Stab: Sleeping          |     5 |       ||     5
Armor: Robe              |    16 |       ||    16
       Ring mail         |    24 |    63 ||    87
Dodge: Dodged            |    70 |    63 ||   133
Block: Other             |     2 |    29 ||    31
       Reflection        |       |     2 ||     2

Table legend: (Time is in decaauts)
 A = Elapsed time spent in this place.
 B = Non-inter-level travel time spent in this place.
 C = Inter-level travel time spent in this place.
 D = Time resting spent in this place.
 E = Time spent auto-exploring this place.
 F = Levels seen in this place.
 G = Mean time per level.
                   A        B        C        D        E       F      G
               +--------+--------+--------+--------+--------+-----+--------+
         Total |   2142 |   2059 |     83 |      0 |   1560 |   4 |  535.5 |
       Dungeon |   2142 |   2059 |     83 |      0 |   1560 |   4 |  535.5 |
               +--------+--------+--------+--------+--------+-----+--------+

Top non-repeatable levels by time:
     D:1: 997 daAuts
     D:3: 655 daAuts
     D:2: 466 daAuts
     D:4: 23 daAuts
